 Dungeon Crawl Stone Soup version 0.31-a0-431-g88bdf31460 (webtiles) character file.

Game seed: 11710133675379184239

737 Dirtsage the Ruffian (level 7, 0/43 HPs)
             Began as an Octopode Shapeshifter on July 31, 2023.
             Was an Initiate of the Shining One.
             Slain by an ogre
             ... wielding a +0 giant club
              (31 damage)
             ... on level 5 of the Dungeon.
             The game lasted 00:07:49 (3316 turns).

Dirtsage the Ruffian (Octopode Shapeshifter)        Turns: 3316, Time: 00:07:49

Health: 0/43       AC:  1    Str: 16    XL:     7   Next: 75%
Magic:  7/7        EV: 13    Int: 11    God:    the Shining One [......]
Gold:   207        SH:  0    Dex: 12    Spells: 6/6 levels left

rFire   . .          .
                       - Unarmed
rCold   . . .        (no shield)
rNeg    . . .        (helmet currently unavailable)
rPois   .            (no amulet)
rElec   .            (no ring)
rCorr   .            (no ring)
SInv    .            (no ring)
Will    .....        (no ring)
Stlth   +            (no ring)
HPRegen 0.27/turn    (no ring)
MPRegen 0.10/turn    (no ring)
                     (no ring)

%: no passive effects
@: beast-form, glowing
A: beast (slay +4), almost no armour, amphibious, 8 rings, camouflage 1,
gelatinous body 1, (nimble swimmer 1), tentacles
a: Begin Untransformation, Renounce Religion


You were on level 5 of the Dungeon.
You worshipped the Shining One.
The Shining One was noncommittal.
You were a hulking beast.
You visited 2 branches of the dungeon, and saw 6 of its levels.
You also visited: Sewer.

You collected 207 gold pieces.

Inventory:

Magical Staves
 h - a staff of conjuration
Jewellery
 t - an amulet of faith
Talismans
 b - a beast talisman (active)
Scrolls
 f - 2 scrolls of identify {unknown}
 g - a scroll of poison {unknown}
 i - 2 scrolls of blinking {unknown}
 k - 11 scrolls of teleportation {unknown}
 l - a scroll of fog {unknown}
 m - a scroll of enchant weapon {unknown}
 n - a scroll of vulnerability {unknown}
 r - a scroll of immolation {unknown}
 s - a scroll of fear {unknown}
Potions
 c - 4 potions of magic {unknown}
 d - a potion of might {unknown}
 e - 2 potions of ambrosia {unknown}
 j - a potion of heal wounds {unknown}
 o - a potion of berserk rage {unknown}
 p - 3 potions of curing {unknown}
 q - 2 potions of attraction {unknown}
 u - a potion of enlightenment {unknown}


   Skills:
 - Level 1.0 Fighting
 - Level 2.0 Dodging
 + Level 6.6 Unarmed Combat
 + Level 5.7 Shapeshifting


You had 6 spell levels left.
You didn't know any spells.
Your spell library contained the following spells:

 Spells                   Type           Power      Damage    Failure   Level
 Necrotise                Necr           0%         1d4       34%         1
 Shock                    Conj/Air       0%         1d3       34%         1
 Sting                    Tmut/Pois      0%         1d3       34%         1
 Ensorcelled Hibernation  Hex/Ice        0%         N/A       47%         2
 Poisonous Vapours        Pois/Air       0%         N/A       47%         2
 Portal Projectile        Hex/Tloc       0%         N/A       71%         3
 Swiftness                Air            0%         N/A       71%         3
 Tukima's Dance           Hex            0%         N/A       71%         3
 Airstrike                Air            0%         2d(0-16)  98%         4
 Anguish                  Hex/Necr       0%         N/A       98%         4
 Iskenderun's Mystic Bla  Conj/Tloc      0%         2d3       98%         4
 Olgreb's Toxic Radiance  Pois           0%         N/A       98%         4
 Summon Ice Beast         Ice/Summ       0%         N/A       98%         4
 Borgnjor's Vile Clutch   Necr/Erth      0%         N/A       100%        5
 Borgnjor's Revivificati  Necr           0%         N/A       100%        8
 Death's Door             Necr           0%         N/A       100%        9
 Animate Armour           Summ/Erth      Unusable   N/A       N/A         4

Dungeon Overview and Level Annotations

Branches:
Dungeon (5/15)             Temple (1/1) D:4           Sewer (visited)

Altars:
Ashenzari
Cheibriados
Dithmenos
Elyvilon
Kikubaaqudgha
Makhleb
Nemelex Xobeh
Okawaru
Ru
Trog
Uskayaw
Vehumet
Wu Jian
Xom
Yredelemnul
The Shining One


Innate Abilities, Weirdness & Mutations

You are a hulking beast.
Your limbs bulge with bestial killing power. (Slay +4)
You cannot wear most types of armour.
You are amphibious.
You can wear up to eight rings at the same time.
Your skin changes colour to match your surroundings (Stealth+).
Your rubbery body absorbs attacks. (AC +1, EV +1)
((You are camouflaged when in or above water. (Stealth+)))
You have tentacles for arms and can constrict up to eight enemies at once.


Message History

There is a stone staircase leading down here.
You climb downwards.
There is a stone staircase leading up here.
Found a stone staircase leading down.
Search for what [Enter for "talisman", or ? for help]? talisman Unknown command.
Found a stone staircase leading up.
An ice beast comes into view.
Found a stone staircase leading down.
You tentacle-slap the ice beast. You squeeze the ice beast.
The ice beast is moderately wounded.
You barely miss the ice beast.
The ice beast is moderately wounded.
The ice beast hits you. The ice beast freezes you.
You take 6 damage, and have 37/43 hp.
You bludgeon the ice beast! You squeeze the ice beast!
The ice beast is almost dead.
The ice beast barely misses you.
You bludgeon the ice beast!
You kill the ice beast!
No target in view!
HP restored.
An ogre comes into view. It is wielding a +0 giant club.
The ogre shouts!
Health restored: 43 You bludgeon the ogre!
The ogre is moderately wounded.
The ogre barely misses you.
You tentacle-slap the ogre.
The ogre is moderately wounded.
You tentacle-slap the ogre but do no damage.
Your squeeze misses the ogre.
The ogre is moderately wounded.
The ogre hits you with a +0 giant club!
You take 12 damage, and have 31/43 hp.
MASSIVE DAMAGE!!
You tentacle-slap the ogre.
The ogre is severely wounded.
The ogre hits you with a +0 giant club!!
Ouch! That really hurt!
You die...

#..........$.
#...........#
............##
#............
#:.........###
#............#
#............#
#O# #h#
#######+#.#
#.........#
#.........#
#....<....#
+.........#
##.........#
#..........#####
.....>..........


You could see an ogre.

Vanquished Creatures
  Sigmund (D:4)
  2 ice beasts
  An ogre (D:3)
  A howler monkey (D:4)
  2 orc priests (D:4)
  Terence (D:3)
  5 adders
  6 river rats (Sewer)
  2 worms
  6 orcs
  12 ball pythons
  3 bats
  2 endoplasms
  6 giant cockroaches
  6 hobgoblins
  A jackal (Sewer)
  7 kobolds
  11 frilled lizards
  4 goblins
  13 rats
92 creatures vanquished.

Notes
Turn   | Place    | Note
-------+----------+-------------------------------------------
     0 | D:1      | Dirtsage the Octopode Shapeshifter began the quest for the
                  | Orb.
     0 | D:1      | Reached XP level 1. HP: 13/13 MP: 1/1
   154 | D:1      | Reached XP level 2. HP: 8/18 MP: 2/2
   442 | D:2      | Found a faded altar of an unknown god.
   445 | D:2      | Noticed a golden eye
   445 | D:2      | Noticed a golden eye
   446 | D:2      | Noticed a shining eye
   446 | D:2      | Noticed a great orb of eyes
   458 | D:2      | Reached XP level 3. HP: 18/23 MP: 3/3
   945 | D:3      | Noticed an ice beast
   954 | D:3      | Killed an ice beast
   955 | D:3      | Reached skill level 4 in Unarmed Combat
   955 | D:3      | Reached XP level 4. HP: 28/28 MP: 4/4
   955 | D:3      | Reached XP level 5. HP: 33/33 MP: 5/5
  1005 | D:3      | Got the Anthology of Dusty Glaciation
  1069 | D:3      | Found a shimmering altar of Xom.
  1091 | D:3      | Noticed an ogre
  1109 | D:3      | Killed an ogre
  1110 | D:3      | Reached skill level 5 in Unarmed Combat
  1140 | D:3      | Found a glowing drain.
  1156 | D:3      | Reached XP level 6. HP: 35/38 MP: 6/6
  1160 | Sewer    | Entered a sewer
  2085 | D:3      | Got Borgnjor's Encyclopedia of Darkness
  2252 | D:3      | Noticed Terence
  2258 | D:3      | Killed Terence
  2543 | D:4      | Reached skill level 5 in Shapeshifting
  2730 | D:4      | Noticed Sigmund
  2829 | D:4      | Killed Sigmund
  2830 | D:4      | Reached skill level 6 in Unarmed Combat
  2830 | D:4      | Reached XP level 7. HP: 26/43 MP: 7/7
  3075 | D:4      | Found a staircase to the Ecumenical Temple.
  3139 | Temple   | Entered the Ecumenical Temple
  3189 | Temple   | Became a worshipper of the Shining One
  3265 | D:5      | Entered Level 5 of the Dungeon
  3316 | D:5      | Slain by an ogre

Illustrated notes

Levels and vault maps discovered:
D:1:      lemuel_arrival_funnel, layout_basic
D:2:      layout_rooms, hellmonk_ecumenical_altar_watching_god
D:3:      minmay_inner_zag, layout_basic, mainiacjoe_overflow_six_doors_small,
          cheibrodos_sewer_entry_drain, serial_rivers,
          chequers_serial_rivers_small_a, chequers_serial_rivers_small_3,
          chequers_serial_rivers_room_a, chequers_serial_rivers_small_a,
          uniq_terence
D:4:      layout_loops_ring, minmay_temple_entry_poolview, uniq_sigmund
D:5:      layout_basic, minitemple, gammafunk_ghost_abyssal_escape
Temple:   nicolae_temple_superstar

Skill      XL: |  1  2  3  4  5  6 |
---------------+-------------------+-----
Unarmed Combat | 4 5 6 |  6.6
Shapeshifting  | 4 5 |  5.7
Fighting       | |  1.0
Dodging        | |  2.0

Action                     |  1- 3 |  4- 6 |  7- 9 || total
---------------------------+-------+-------+-------++-------
  Melee: Unarmed           |    52 |   100 |    16 ||   168
         Constrict         |    12 |    23 |       ||    35
         Tentacles         |     7 |    20 |     2 ||    29
         Punch             |     2 |     4 |     1 ||     7
    Use: Potion            |     1 |       |     2 ||     3
   Stab: Sleeping          |     5 |     9 |       ||    14
 Armour: Skin              |     9 |     5 |     7 ||    21
  Dodge: Dodged            |    18 |    53 |     5 ||    76

Table legend: (Time is in decaauts)
 A = Elapsed time spent in this place.
 B = Non-inter-level travel time spent in this place.
 C = Inter-level travel time spent in this place.
 D = Time resting spent in this place.
 E = Time spent auto-exploring this place.
 F = Levels seen in this place.
 G = Mean time per level.
                   A        B        C        D        E       F      G
               +--------+--------+--------+--------+--------+-----+--------+
         Total |   3300 |   3162 |    138 |     67 |   2327 |   7 |  471.4 |
       Dungeon |   2674 |   2548 |    126 |     67 |   1908 |   5 |  534.8 |
        Temple |     63 |     51 |     12 |      0 |      0 |   1 |   63.0 |
         Sewer |    562 |    562 |      0 |      0 |    419 |   1 |  562.0 |
               +--------+--------+--------+--------+--------+-----+--------+

Top non-repeatable levels by time:
     D:3: 1087 daAuts
     D:4: 741 daAuts
   Sewer: 562 daAuts
     D:2: 476 daAuts
     D:1: 319 daAuts
  Temple: 63 daAuts
     D:5: 50 daAuts
